 Dungeon Crawl Stone Soup version 0.31-a0-1-g4198be8af4 (webtiles) character file.

Game seed: 11019218072557315548

207 qeuew the Covered (level 5, -16/47 HPs)
             Began as a Minotaur Fighter on May 2, 2023.
             Demolished by an ogre
             ... wielding a +0 giant club
              (32 damage)
             ... on level 4 of the Dungeon.
             The game lasted 00:03:25 (2800 turns).

qeuew the Covered (Minotaur Fighter)                Turns: 2800, Time: 00:03:26

Health: -16/47     AC:  7    Str: 22    XL:     5   Next: 54%
Magic:  4/4        EV: 10    Int:  5    God:
Gold:   173        SH:  5    Dex: 16    Spells: 4/4 levels left

rFire   . . .        a - +0 war axe
rCold   . . .        c - +0 buckler
rNeg    . . .        b - +0 scale mail
rPois   .            (helmet restricted)
rElec   .            (no cloak)
rCorr   .            (no gloves)
SInv    .            (no boots)
Will    .....        (no amulet) Stlth
                     h - +6 ring of dexterity
HPRegen 0.27/turn    (no ring)
MPRegen 0.09/turn

%: no passive effects
@: no status effects
A: horns 2, retaliatory headbutt
a: no special abilities


You were on level 4 of the Dungeon.
You visited 1 branch of the dungeon, and saw 4 of its levels.

You collected 173 gold pieces.

Inventory:

Hand Weapons
 a - a +0 war axe (weapon)
Armour
 b - a +0 scale mail (worn)
 c - a +0 buckler (worn)
Jewellery
 h - a +6 ring of dexterity (left hand)
Wands
 g - a wand of light (2)
Scrolls
 e - a scroll of summoning
 j - 6 scrolls of enchant weapon
Potions
 d - a potion of might
 f - 2 potions of mutation {unknown}
 i - a potion of haste
 k - 3 potions of curing


   Skills:
 + Level 4.4 Fighting
 * Level 4.3 Axes
 * Level 5.0 Armour
 + Level 1.7 Dodging
 + Level 4.3 Shields
 + Level 0.3 Evocations


You had 4 spell levels left.
You didn't know any spells.
Your spell library contained the following spells:

 Spells                   Type           Power      Damage    Failure   Level
 Poisonous Vapours        Pois/Air       0%         N/A       94%         2
 Mephitic Cloud           Conj/Pois/Air  0%         N/A       99%         3
 Freezing Cloud           Conj/Ice/Air   0%         6-21      100%        5


Dungeon Overview and Level Annotations

Branches:
Dungeon (4/15)             Temple (0/1) D:4

Altars:
Fedhas
Qazlal


Innate Abilities, Weirdness & Mutations

You have a pair of horns on your head.
You reflexively headbutt those who attack you in melee.


Message History

The gnoll is almost dead.
The gnoll hits you but does no damage.
You hit the gnoll.
You kill the gnoll!
No target in view!
No target in view!
No target in view!
Found 5 datura-tipped darts.
Things that are here:
a +0 spear; a gnoll corpse No target in view!
You enter the shallow water.
Moving in this stuff is going to be slow.
j - 6 scrolls of enchant weapon (gained 1)
You enter the shallow water.
Moving in this stuff is going to be slow.
Found a stone staircase leading down.
You now have 173 gold pieces (gained 11).
Found a leather armour.
An ogre comes into view. It is wielding a +0 giant club.
The ogre shouts!
The ogre hits you with a +0 giant club!!
Ouch! That really hurt!
You are too injured to fight recklessly!
You are too injured to fight recklessly!
You are too injured to fight recklessly!
You are too injured to fight recklessly!
You are too injured to fight recklessly!
You are too injured to fight recklessly!
You are too injured to fight recklessly!
You are too injured to fight recklessly!
You are too injured to fight recklessly!
You are too injured to fight recklessly!
You are too injured to fight recklessly!
Unknown command.
You hit the ogre.
The ogre is lightly wounded.
The ogre hits you with a +0 giant club!!
Ouch! That really hurt!
You die...

...... ... ......
.. .....#.. ..
...... ... #
#..... ..#
.#.#.#..###..#.
........O.......
#.#.....@.....#
.###.....##..$#..#
...........#...##
.........##...## .
...............# .
#.............# .
#....#.....##.# .
##........#....# .
...............#


You could see an ogre.

Vanquished Creatures
  Crazy Yiuf (D:3)
  An orc wizard (D:3)
  Robin (D:3)
  4 gnolls (D:4)
  3 adders
  A worm (D:2)
  6 orcs
  7 endoplasms
  3 giant cockroaches
  11 goblins
  7 hobgoblins
  3 jackals (D:1)
  6 ball pythons
  5 bats
  A frilled lizard (D:1)
  3 kobolds (D:2)
  5 rats (D:1)
68 creatures vanquished.

Vanquished Creatures (others)
  3 fungi (D:3)
  3 plants (D:3)
6 creatures vanquished.

Grand Total: 74 creatures vanquished

Notes
Turn   | Place    | Note
-------+----------+-------------------------------------------
     0 | D:1      | qeuew the Minotaur Fighter began the quest for the Orb.
     0 | D:1      | Reached XP level 1. HP: 19/19 MP: 0/0
   163 | D:1      | Reached XP level 2. HP: 23/27 MP: 1/1
   419 | D:1      | Reached skill level 4 in Armour
   781 | D:2      | Reached XP level 3. HP: 33/33 MP: 2/2
  1526 | D:3      | Reached skill level 1 in Dodging
  1577 | D:3      | Noticed Robin
  1580 | D:3      | Killed Robin
  1581 | D:3      | Reached XP level 4. HP: 40/40 MP: 3/3
  1811 | D:3      | Found a stormy altar of Qazlal.
  1817 | D:3      | Found a blossoming altar of Fedhas.
  1919 | D:3      | Found a runed translucent door.
  1920 | D:3      | Noticed Crazy Yiuf
  2487 | D:3      | Killed Crazy Yiuf
  2488 | D:3      | Reached XP level 5. HP: 47/47 MP: 4/4
  2665 | D:4      | Found a staircase to the Ecumenical Temple.
  2673 | D:4      | Reached skill level 5 in Armour
  2796 | D:4      | Noticed an ogre
  2800 | D:4      | Demolished by an ogre

Illustrated notes

Levels and vault maps discovered:
D:1:      onia_arrival_handbag, layout_loops_ring
D:2:      layout_basic
D:3:      layout_loops_corners, grunt_temple_overflow_forces_of_nature,
          chequers_serial_rivers_micro_c, serial_park_tiny_2,
          chequers_hall_statues_y, st_stairs_8, fountainhead,
          uniq_crazy_yiuf_cottage, uniq_robin
D:4:      layout_basic, temple_pool_b, serial_shops, nicolae_shop_drivethru,
          nrook_mini_backslash, minmay_misc_feat_room,
          kennysheep_generic_room_12

Skill      XL: |  1  2  3  4  5 |
---------------+----------------+-----
Armour         | 4 5 |  5.0
Axes           | 3 4 |  4.3
Fighting       | 4 |  4.4
Dodging        | 1 |  1.7
Shields        | 4 |  4.3
Evocations     | |  0.3

Action                     |  1- 3 |  4- 6 || total
---------------------------+-------+-------++-------
  Melee: War axe           |    79 |    50 ||   129
         Headbutt          |     8 |    10 ||    18
    Use: Scroll            |     7 |     1 ||     8
         Potion            |       |     1 ||     1
 Armour: Scale mail        |    34 |    11 ||    45
  Dodge: Dodged            |    47 |    34 ||    81
  Block: Buckler           |    16 |    17 ||    33

Table legend: (Time is in decaauts)
 A = Elapsed time spent in this place.
 B = Non-inter-level travel time spent in this place.
 C = Inter-level travel time spent in this place.
 D = Time resting spent in this place.
 E = Time spent auto-exploring this place.
 F = Levels seen in this place.
 G = Mean time per level.
                   A        B        C        D        E       F      G
               +--------+--------+--------+--------+--------+-----+--------+
         Total |   2849 |   2720 |    129 |      0 |   2332 |   4 |  712.2 |
       Dungeon |   2849 |   2720 |    129 |      0 |   2332 |   4 |  712.2 |
               +--------+--------+--------+--------+--------+-----+--------+

Top non-repeatable levels by time:
     D:3: 1092 daAuts
     D:2: 871 daAuts
     D:1: 653 daAuts
     D:4: 232 daAuts
